 Dungeon Crawl Stone Soup version 0.30-a0-989-g0d87f670db (webtiles) character file.

Game seed: 3696972534582681514

62 timneilson the Shield-Bearer (level 4, 0/28 HPs)
             Began as a Gargoyle Fighter on Apr 3, 2023.
             Slain by a gnoll
             ... wielding a +0 spear
              (1 damage)
             ... on level 2 of the Dungeon.
             The game lasted 00:02:06 (1185 turns).

timneilson the Shield-Bearer (Gargoyle Fighter)     Turns: 1185, Time: 00:02:07

Health: 0/28       AC: 13    Str: 20    XL:     4   Next: 8%
Magic:  4/4        EV:  7    Int:  8    God:
Gold:   75         SH:  4    Dex: 11    Spells: 3/3 levels left

rFire   . . .      SeeInvis .    a - +0 long sword (drain)
rCold   . . .      Faith    .    c - +0 buckler
rNeg    + . .      Spirit   .    e - +0 chain mail
rPois   ∞          Reflect  .    (no helmet)
rElec   +          Rampage  .    (no cloak)
rCorr   .                        (no gloves)
Will    .....                    (no boots) Stlth
                                 (no amulet)
HPRegen 0.24/turn                (no ring)
MPRegen 0.09/turn                (no ring)

@: no status effects
A: sickness immunity, AC +3, negative energy resistance 1, electricity
resistance, torment resistance 1, petrification resistance
a: no special abilities


You were on level 2 of the Dungeon.
You visited 1 branch of the dungeon, and saw 2 of its levels.

You collected 75 gold pieces.

Inventory:

Hand Weapons
 a - a +0 long sword of draining (weapon)
Armour
 c - a +0 buckler (worn)
 e - a +0 chain mail (worn)
Scrolls
 b - a scroll of identify
 h - 2 scrolls of teleportation
Potions
 d - a potion of might
 g - 2 potions of flight
 i - a potion of attraction


   Skills:
 + Level 3.6 Fighting
 * Level 2.3 Long Blades
 * Level 3.8 Armour
 + Level 0.7 Dodging
 * Level 3.9 Shields


You had 3 spell levels left.
You didn't know any spells.
Your spell library contained the following spells:

 Spells                   Type           Power      Damage    Failure   Level
 Olgreb's Toxic Radiance  Pois           0%         N/A       100%        4
 Ozocubu's Refrigeration  Ice            0%         4d7       100%        7
 Ignition                 Fire           0%         3d3       100%        8


Dungeon Overview and Level Annotations

Branches:
Dungeon (2/15)

Altars:
The Shining One


Innate Abilities, Weirdness & Mutations

You are immune to sickness and miasma.
Your stone body is resilient. (AC +3)
You are immune to poison.
You resist negative energy. (rN+)
You are resistant to electric shocks. (rElec)
You are resistant to unholy torment.
You are immune to petrification.


Message History

No target in view!
No target in view!
No target in view!
No target in view!
No target in view!
No target in view!
No target in view!
No target in view!
No target in view!
b - a scroll of identify You see here a hobgoblin corpse.
You see here 2 boomerangs.
Found a robe.
A gnoll comes into view. It is wielding a +0 spear.
Found a stone staircase leading down.
The gnoll shouts!
You hear a shout!
A gnoll comes into view. It is wielding a +0 spear. x2
A gnoll comes into view. It is wielding a +0 whip.
The gnoll shouts! x2
The gnoll throws a throwing net.
The throwing net barely misses you.
You see here a throwing net.
The gnoll hits you but does no damage.
You closely miss the gnoll. The gnoll hits you but does no damage.
The gnoll hits you with a +0 spear.
You barely miss the gnoll.
The gnoll hits you from afar with a +0 spear.
The gnoll hits you but does no damage. The gnoll barely misses you.
You hit the gnoll but do no damage.
The gnoll hits you from afar with a +0 spear.
The gnoll closely misses you.
The gnoll hits you but does no damage. x2
The gnoll hits you with a +0 spear. The gnoll barely misses you.
You slash the gnoll! You drain the gnoll.
You kill the gnoll!
The gnoll hits you from afar with a +0 spear. x2
* * * LOW HITPOINT WARNING * * *
You have reached level 4!
You feel stronger.
Okay, then.
The gnoll hits you with a +0 spear.
You die...

####..........####..†.##.......#
##...........###..##.##...<...##
#..###........##.###.#..........
#..#####......†...............##
##...###.............##.......#
###..#.....>#..####.##...))..#
####........#.## #.##.......#
#............g#####..........#
#...........gg@..####..........
#..........#####..# ##.......#.
#..........# ##..# ####.##...
#..........# #... #.# ##.
##......g..### ##... ... .
##.......g.....# ....
............##... #..
###......g..# ## .. #
#.......[.#


You could see 3 gnolls.

Vanquished Creatures
  An adder (D:2)
  A gnoll (D:2)
  3 ball pythons
  5 endoplasms
  A giant cockroach (D:1)
  2 goblins
  5 hobgoblins
  9 kobolds
  3 quokkas (D:1)
  6 bats
  A frilled lizard (D:2)
  3 rats
40 creatures vanquished.

Notes
Turn   | Place    | Note
-------+----------+-------------------------------------------
     0 | D:1      | timneilson the Gargoyle Fighter began the quest for the
                  | Orb.
     0 | D:1      | Reached XP level 1. HP: 14/14 MP: 1/1
   220 | D:1      | Reached XP level 2. HP: 19/19 MP: 2/2
   762 | D:1      | Reached XP level 3. HP: 23/23 MP: 3/3
  1121 | D:2      | Found a glowing golden altar of the Shining One.
  1184 | D:2      | HP: 1/23 [gnoll/+0 spear (6)]
  1185 | D:2      | Reached XP level 4. HP: 1/28 MP: 4/4
  1185 | D:2      | Slain by a gnoll

Illustrated notes

Levels and vault maps discovered:
D:1:      dpeg_arrival_radiant, layout_loops_corners
D:2:      layout_rooms, basic_altar, dk_noncrumbling_4, minmay_divided_ellipse,
          uniq_natasha, uniq_jessica

Skill      XL: |  1 |
---------------+----+-----
Long Blades    | 2 |  2.3
Fighting       | |  3.6
Armour         | |  3.8
Dodging        | |  0.7
Shields        | |  3.9

Action                     |  1- 3 |  4- 6 || total
---------------------------+-------+-------++-------
  Melee: Long sword        |   138 |       ||   138
    Use: Scroll            |     4 |       ||     4
 Armour: Chain mail        |    94 |       ||    94
  Dodge: Dodged            |    55 |       ||    55
  Block: Buckler           |    31 |       ||    31

Table legend: (Time is in decaauts)
 A = Elapsed time spent in this place.
 B = Non-inter-level travel time spent in this place.
 C = Inter-level travel time spent in this place.
 D = Time resting spent in this place.
 E = Time spent auto-exploring this place.
 F = Levels seen in this place.
 G = Mean time per level.
                   A        B        C        D        E       F      G
               +--------+--------+--------+--------+--------+-----+--------+
         Total |   1231 |   1224 |      7 |      0 |    861 |   2 |  615.5 |
       Dungeon |   1231 |   1224 |      7 |      0 |    861 |   2 |  615.5 |
               +--------+--------+--------+--------+--------+-----+--------+

Top non-repeatable levels by time:
     D:1: 1081 daAuts
     D:2: 150 daAuts
